 Seeded DCSS version 0.29-a0-371-g91724d5b39 (webtiles) character file.

Game seed: 10062853869653397346 (custom seed)

2220 croobank the Blocker (level 9, -2/81 HPs)
             Began as a Minotaur Fighter on May 2, 2022.
             Was an Initiate of Gozag.
             Slain by a two-headed ogre
             ... wielding a +0 dire flail
              (25 damage)
             ... on level 8 of the Dungeon.
             The game lasted 00:20:28 (6634 turns).

croobank the Blocker (Minotaur Fighter)             Turns: 6634, Time: 00:20:28

Health: -2/81      AC: 12    Str: 24    XL:     9   Next: 13%
Magic:  8/8        EV:  8    Int: 11    God:    Gozag
Gold:   458        SH:  7    Dex: 17    Spells: 8/8 levels left

rFire   . . .      SeeInvis .   a - +0 war axe
rCold   . . .      Faith    .   c - +1 buckler
rNeg    . . .      Spirit   .   n - +0 chain mail
rPois   .          Reflect  .   (helmet restricted)
rElec   .          Harm     .   (no cloak)
rCorr   .          Rampage  .   (no gloves)
Will    .....                   z - +0 pair of boots
Stlth   ..........              l - amulet of the acrobat
HPRegen 0.23/turn               p - +6 ring of intelligence
MPRegen 0.11/turn               u - +6 ring of dexterity

@: no status effects
A: horns 2, retaliatory headbutt
a: Renounce Religion, Potion Petition, Call Merchant, Bribe Branch


You were on level 8 of the Dungeon.
You worshipped Gozag.
Gozag was aware of your devotion.
You visited 1 branch of the dungeon, and saw 8 of its levels.

You collected 589 gold pieces.
You paid 131 gold pieces to Gozag.

Inventory:

Hand Weapons
 a - a +0 war axe (weapon)
 j - a +2 dagger of venom
 m - a +3 dire flail of venom
 w - a +1 mace of draining
 B - a +0 antimagic dagger
 D - a +0 shortbow of freezing
 K - a +0 executioner's axe
Missiles
 h - 284 stones (quivered)
 k - 2 curare-tipped darts
 q - 30 poisoned darts
 E - 5 atropa-tipped darts
Armour
 b - a +0 scale mail
 c - a +1 buckler (worn)
 i - a +0 kite shield
 n - a +0 chain mail (worn)
 z - a +0 pair of boots (worn)
Jewellery
 l - an amulet of the acrobat (around neck)
 p - a +6 ring of intelligence (left hand)
 u - a +6 ring of dexterity (right hand)
Wands
 o - a wand of acid (9)
 r - a wand of digging (4)
 y - a wand of mindburst (9)
 I - a wand of polymorph (11)
Scrolls
 v - a scroll of teleportation
 x - a scroll of blinking
 L - a scroll of silence
Potions
 d - a potion of might
 e - a potion of curing
 f - 2 potions of flight
 g - a potion of berserk rage
 s - a potion of attraction
 t - 2 potions of degeneration
 A - a potion of mutation
 C - a potion of cancellation {unknown}
 F - a potion of brilliance {unknown}
 J - a potion of ambrosia {unknown}


   Skills:
 + Level 8.1 Fighting
 + Level 7.6 Axes
 + Level 8.1 Armour
 + Level 8.2 Shields


You had 8 spell levels left.
You didn't know any spells.
Your spell library contained the following spells:

 Spells                   Type           Power      Damage    Failure   Level
 Shock                    Conj/Air       0%         1d3       95%         1
 Ensorcelled Hibernation  Hex/Ice        0%         N/A       98%         2
 Passwall                 Tmut/Erth      0%         N/A       98%         2
 Inner Flame              Hex/Fire       0%         N/A       100%        3
 Swiftness                Air            0%         N/A       100%        3
 Airstrike                Air            0%         N/A       100%        4
 Cause Fear               Hex            0%         N/A       100%        4
 Blade Hands              Tmut           0%         N/A       100%        5
 Irradiate                Conj/Tmut      0%         3d13      100%        5
 Dragon Form              Tmut           0%         N/A       100%        7
 Discord                  Hex            0%         N/A       100%        8


Dungeon Overview and Level Annotations

Branches:
Dungeon (8/15)             Temple (0/1) D:5
   Lair: D:8-11

Altars:
Dithmenos
Fedhas
Gozag
Nemelex Xobeh
Okawaru
Ru
Vehumet
Yredelemnul

Shops:
D:5 *


Innate Abilities, Weirdness & Mutations

You have a pair of horns on your head.
You reflexively headbutt those who attack you in melee.


Message History

Press ? for a list of commands and other information.
Throw: throwing net
Press: ? - help, Q - select action, (/) - cycle Shift-Dir - straight line, f - two-headed ogre
Aim: a two-headed ogre, wielding a +0 dire flail and a +0 giant club (77% to hit)
You throw a throwing net.
The throwing net hits the two-headed ogre.
The two-headed ogre is caught in the net!
The two-headed ogre struggles against the net.
The two-headed ogre struggles against the net.
The two-headed ogre struggles against the net.
The two-headed ogre struggles against the net.
You hit the two-headed ogre. You headbutt the two-headed ogre!
The two-headed ogre is moderately wounded.
The two-headed ogre struggles against the net.
You completely miss the two-headed ogre.
You headbutt the two-headed ogre.
The two-headed ogre is moderately wounded.
The two-headed ogre struggles against the net.
The net rips apart, and the two-headed ogre comes free!
You barely miss the two-headed ogre. You headbutt the two-headed ogre!
The two-headed ogre is severely wounded.
The two-headed ogre hits you with a +0 dire flail!
The two-headed ogre hits you with a +0 giant club!!
You slash the two-headed ogre!
The two-headed ogre is severely wounded.
You block the two-headed ogre's attack.
The two-headed ogre hits you with a +0 giant club!
You hit the two-headed ogre.
The two-headed ogre is almost dead.
You barely miss the two-headed ogre.
The two-headed ogre is almost dead.
The two-headed ogre hits you with a +0 dire flail!
The two-headed ogre hits you with a +0 giant club!
* * * LOW HITPOINT WARNING * * *
You are too injured to fight recklessly!
You slash the two-headed ogre! You headbutt the two-headed ogre.
The two-headed ogre is almost dead.
The two-headed ogre hits you with a +0 dire flail!!
You die...
Your body crumbles into a pile of gold.

$ ...# ... ..#
..# ### ##.###
#.. ....#
#..###.#.#
####.....@O.#
+[....<.###......
####....# #####
#..#.# #>##.. #.
.... ## ##.## .#
.#


You could see a two-headed ogre.

Vanquished Creatures
  Eustachio (D:5)
  Edmund (D:6)
  A water moccasin (D:7)
  A sky beast (D:6)
  2 ice beasts
  A black bear (D:7)
  2 ogres (D:6)
  2 centaurs
  3 kobold brigands
  A necrophage (D:6)
  2 bullfrogs
  3 scorpions
  A hound (D:5)
  An orc priest (D:4)
  5 iguanas
  Ijyb (D:5)
  3 orc wizards
  10 gnolls
  6 adders
  A shadow imp (D:3)
  A white imp (D:6)
  2 ufetubi
  2 worms
  2 dart slugs
  19 orcs
  6 bats
  4 endoplasms
  4 giant cockroaches
  7 goblins
  6 hobgoblins
  3 jackals (D:5)
  4 quokkas
  8 ball pythons
  3 frilled lizards
  23 kobolds
  3 rats
145 creatures vanquished.

Notes
Turn   | Place    | Note
-------+----------+-------------------------------------------
     0 | D:1      | croobank the Minotaur Fighter began the quest for the Orb.
     0 | D:1      | Reached XP level 1. HP: 19/19 MP: 0/0
   215 | D:1      | Reached XP level 2. HP: 27/27 MP: 1/1
   697 | D:2      | Found a faded altar of an unknown god.
   783 | D:2      | Reached XP level 3. HP: 31/33 MP: 2/2
  1559 | D:2      | Reached XP level 4. HP: 17/41 MP: 3/3
  1889 | D:3      | Noticed an ice beast
  1913 | D:3      | Killed an ice beast
  1914 | D:3      | Reached XP level 5. HP: 38/47 MP: 4/4
  2023 | D:3      | Found a basalt altar of Yredelemnul.
  2401 | D:4      | Reached skill level 5 in Fighting
  2401 | D:4      | Reached skill level 5 in Armour
  2401 | D:4      | Reached skill level 5 in Shields
  2474 | D:4      | Reached XP level 6. HP: 29/56 MP: 5/5
  3153 | D:5      | Entered Level 5 of the Dungeon
  3283 | D:5      | Reached skill level 5 in Axes
  3283 | D:5      | Reached XP level 7. HP: 22/62 MP: 6/6
  3320 | D:5      | Noticed Eustachio
  3619 | D:5      | Found a shadowy altar of Dithmenos.
  3619 | D:5      | Noticed Ijyb
  3623 | D:5      | Killed Ijyb
  3725 | D:5      | Found a staircase to the Ecumenical Temple.
  3750 | D:5      | Killed Eustachio
  3915 | D:5      | Found Wyse's General Store.
  4479 | D:5      | Reached XP level 8. HP: 45/71 MP: 7/7
  4631 | D:6      | Noticed Edmund
  4688 | D:6      | Killed Edmund
  5707 | D:7      | Found a sparkling altar of Nemelex Xobeh.
  5707 | D:7      | Found a sacrificial altar of Ru.
  5738 | D:7      | Found a faded altar of an unknown god.
  5738 | D:7      | Found an opulent altar of Gozag.
  5745 | D:7      | Found a faded altar of an unknown god.
  5747 | D:7      | Became a worshipper of Gozag Ym Sagoz the Greedy
  5751 | D:7      | Found an iron altar of Okawaru.
  5753 | D:7      | Found a radiant altar of Vehumet.
  5983 | D:7      | Reached XP level 9. HP: 65/81 MP: 8/8
  6602 | D:7      | Found a blossoming altar of Fedhas.
  6623 | D:8      | Noticed a two-headed ogre
  6634 | D:8      | Slain by a two-headed ogre

Illustrated notes

Levels and vault maps discovered:
D:1:      dpeg_arrival_pits, layout_loops_ring
D:2:      layout_rooms, basic_ecumenical_altar
D:3:      layout_loops_ring, yredelemnul_altar_generic, minmay_misc_feat_alley
D:4:      layout_rooms
D:5:      layout_basic, nicolae_dithmenos_the_darkroom,
          minmay_temple_entry_ruins, serial_shops, nicolae_shop_stone,
          uniq_ijyb, uniq_eustachio
D:6:      layout_rooms, uniq_edmund
D:7:      layout_basic, chequers_temple_overflow_minitemple,
          grunt_temple_overflow_open
D:8:      layout_loops_corners

Skill      XL: |  1  2  3  4  5  6  7  8  9 |
---------------+----------------------------+-----
Fighting       | 4 5 6 7 8 |  8.1
Armour         | 4 5 6 8 |  8.1
Shields        | 4 5 6 8 |  8.2
Axes           | 3 4 5 6 7 |  7.6

Action                   |  1- 3 |  4- 6 |  7- 9 || total
-------------------------+-------+-------+-------++-------
Melee: War axe           |    76 |   118 |   192 ||   386
       Headbutt          |    12 |    15 |    33 ||    60
Throw: Throwing net      |       |     1 |     2 ||     3
Evoke: Wand              |       |     3 |     4 ||     7
  Use: Scroll            |     4 |    10 |     4 ||    18
       Potion            |       |       |     5 ||     5
 Stab: Distracted        |       |       |     1 ||     1
Armor: Scale mail        |    18 |       |       ||    18
       Chain mail        |    20 |    69 |    98 ||   187
Dodge: Dodged            |    32 |    50 |    55 ||   137
Block: Buckler           |    18 |    39 |    50 ||   107

Table legend: (Time is in decaauts)
 A = Elapsed time spent in this place.
 B = Non-inter-level travel time spent in this place.
 C = Inter-level travel time spent in this place.
 D = Time resting spent in this place.
 E = Time spent auto-exploring this place.
 F = Levels seen in this place.
 G = Mean time per level.
                   A        B        C        D        E       F      G
               +--------+--------+--------+--------+--------+-----+--------+
         Total |   6752 |   6587 |    165 |   1640 |   3561 |   8 |  844.0 |
       Dungeon |   6752 |   6587 |    165 |   1640 |   3561 |   8 |  844.0 |
               +--------+--------+--------+--------+--------+-----+--------+

Top non-repeatable levels by time:
     D:5: 1750 daAuts
     D:3: 963 daAuts
     D:7: 945 daAuts
     D:4: 934 daAuts
     D:2: 774 daAuts
     D:1: 695 daAuts
     D:6: 675 daAuts
     D:8: 11 daAuts
